 Dungeon Crawl Stone Soup version 0.26-a0-712-ga5a9c9c9d0 (webtiles) character file.

Game seed: 11099027388452340489

(classic levelgen) 7718 EnegeticOcto the Cleaver (level 11, -3/99 HPs)
             Began as a Deep Dwarf Fighter on Nov 4, 2020.
             Was an Elder of Makhleb.
             Killed from afar by a fire giant (55 damage)
             ... with a bolt of fire
             ... on level 10 of the Dungeon.
             The game lasted 00:04:12 (5307 turns).

EnegeticOcto the Cleaver (Deep Dwarf Fighter)       Turns: 5307, Time: 00:04:12

Health: -3/99      AC: 19    Str: 23    XL:     11   Next: 0%
Magic:  16/16      EV:  5    Int:  9    God:    Makhleb [****..]
Gold:   360        SH: 12    Dex: 12    Spells: 10/10 levels left

rFire    . . .     SeeInvis .   x - +3 war axe (curse)
rCold    . . .     Faith    .   c - +1 kite shield
rNeg     . . .     Spirit   .   v - +0 plate armour
rPois    +         Reflect  .   k - +1 helmet
rElec    .         Harm     .   s - +2 cloak
rCorr    .         Rampage  .   (no gloves)
MR       +....                  (no boots)
Stlth    ..........             (no amulet)
HPRegen  0.00/turn              m - ring of poison resistance
MPRegen  0.15/turn              (no ring)

@: non-regenerating
A: damage resistance, heal wounds, sense surroundings 2, no regeneration
a: Heal Wounds, Minor Destruction, Lesser Servant of Makhleb, Major Destruction,
Renounce Religion


You were on level 10 of the Dungeon.
You worshipped Makhleb.
Makhleb was greatly pleased with you.
You visited 2 branches of the dungeon, and saw 11 of its levels.

You collected 360 gold pieces.

Inventory:

Hand Weapons
 x - a cursed +3 war axe (weapon)
Armour
 c - a +1 kite shield (worn)
 k - a +1 helmet (worn)
 r - a +0 chain mail
 s - a +2 cloak (worn)
 v - a +0 plate armour (worn)
Jewellery
 m - a ring of poison resistance (left hand)
Wands
 e - a wand of iceblast (8) {@v2}
 o - a wand of digging (7) {@v3}
 q - a wand of paralysis (2)
Scrolls
 a - 2 scrolls of teleportation {@r3}
 f - 3 scrolls of remove curse {@r2}
 i - a scroll of fear
 w - 2 scrolls of blinking
 y - a scroll of enchant weapon
 A - 2 scrolls of identify {@r1}
Potions
 b - a potion of lignification
 d - 4 potions of might {@q3}
 g - 3 potions of curing {@q1}
 h - 4 potions of stabbing
 j - a potion of ambrosia
 l - 2 potions of resistance {@q5}
 n - 2 potions of haste {@q4}
 p - a potion of magic
 t - a potion of brilliance
 u - a potion of heal wounds {@q2}
 z - a potion of degeneration {unknown}


   Skills:
 + Level 6.7 Fighting
 * Level 10.6 Axes
 + Level 8.1 Armour
 + Level 8.2 Shields
 * Level 10.1 Invocations


You had 10 spell levels left.
You didn't know any spells.
Your spell library was empty.

Dungeon Overview and Level Annotations

Branches:
Dungeon (10/15)            Temple (1/1) D:6            Lair (0/6) D:9
    Orc (0/2) D:9

Altars:
Ashenzari
Cheibriados
Dithmenos
Makhleb
Nemelex Xobeh
Qazlal
Wu Jian
Xom
Yredelemnul

Annotations:
D:7 2 runed translucent doors, akrivosticles's ghost, novice KoBr


Innate Abilities, Weirdness & Mutations

You are resistant to damage.
You can heal yourself by infusing magical energy.
You passively map the area around you.
You do not regenerate.


Message History

You slash the fire bat! You hit the fire bat but do no damage.
The fire bat bites you but does no damage.
You block the fire bat's attack. The fire bat bites you.
You are engulfed in flames!
You block the fire bat's attack.
The fire bat bites you but does no damage. x3
You closely miss the fire bat.
The fire bat is moderately wounded.
You slash the fire bat! x2; You miss the fire bat.
You block the fire bat's attack. The fire bat completely misses you.
The fire bat bites you but does no damage. x2
You block the fire bat's attack.
The fire bat bites you but does no damage.
You miss the fire bat.
The fire bat is heavily wounded.
You slash the fire giant! You miss the fire bat. You slash the fire bat!
You block the fire bat's attack.
The fire bat bites you but does no damage. x2
The fire bat barely misses you. The fire bat closely misses you.
The fire giant gestures at you while chanting.
The fireball explodes!
The fireball engulfs you!
The fireball engulfs the fire bat.
The fire bat completely resists.
The fireball engulfs the fire giant.
The fire giant completely resists.
The fireball engulfs the fire bat.
The fire bat completely resists.
The fireball engulfs the fire bat.
The fire bat completely resists.
You block the fire bat's attack.
You slash the fire bat!
You kill the fire bat!
Makhleb accepts your kill.
You feel better.
You slash the fire bat! You hit the fire bat.
You hit the fire giant but do no damage.
You closely miss the fire bat. You block the fire bat's attack. x2
The fire bat bites you but does no damage. x2
The fire bat bites you.
You are engulfed in flames.
The fire bat bites you but does no damage.
The fire giant hits you with the +7 great mace "Firestarter" {inner flame, rF++}!!
* * * LOW HITPOINT WARNING * * *
The fire giant burns you.
* * * LOW HITPOINT WARNING * * *
You are too injured to fight recklessly!
You are too injured to fight recklessly!
You are too injured to fight recklessly!
You are too injured to fight recklessly!
You are too injured to fight recklessly!
You are too injured to fight recklessly!
You are too injured to fight recklessly!
You are too injured to fight recklessly!
You are too injured to fight recklessly!
You are too injured to fight recklessly!
You are too injured to fight recklessly!
You are too injured to fight recklessly!
You are too injured to fight recklessly!
You feel much better. You block the fire bat's attack.
The fire bat bites you but does no damage. x4
The fire giant hits you with the +7 great mace "Firestarter" {inner flame, rF++}!
The fire giant burns you.
You feel much better. The fire bat bites you.
You are engulfed in flames!
You block the fire bat's attack. x2; The fire bat barely misses you.
The fire giant hits you with the +7 great mace "Firestarter" {inner flame, rF++}.
The fire giant burns you.
A demon appears!
You block the fire bat's attack. The fire bat barely misses you.
The fire bat bites you but does no damage.
You block the fire bat's attack. x2
The fire bat bites you but does no damage. x2
Your magical essence is drained by the effort!
You feel much better. You block the fire bat's attack.
The fire bat bites you but does no damage. x4
The fire giant hits you with the +7 great mace "Firestarter" {inner flame, rF++}!
The fire giant burns you. You block the fire bat's attack.
The fire bat bites you but does no damage.
Your orange demon stings the fire giant!
Your orange demon hits the fire giant but does no damage.
You slash the fire bat!
The fire bat is almost dead.
Your shield and plate armour prevent you from hitting the fire bat.
You hit the fire giant. You barely miss the fire bat. You slash the fire bat!
The fire bat bites you but does no damage.
You block the fire bat's attack.
The fire bat bites you but does no damage. x2
The fire bat closely misses you.
The fire bat bites you but does no damage.
The fire giant hits you with the +7 great mace "Firestarter" {inner flame, rF++}!
The fire giant burns you.
Your orange demon stings the fire giant!
Your orange demon hits the fire giant but does no damage.
You hit the fire bat.
You kill the fire bat!
Makhleb accepts your kill.
You feel better.
You have reached level 11!
You slash the fire bat! You hit the fire bat.
You hit the fire giant but do no damage.
You slash the fire bat! You block the fire bat's attack. x2
The fire bat bites you but does no damage.
The fire bat barely misses you.
A phantom comes into view.
The fire giant casts a spell at you. The bolt of fire hits you!!!
Ouch! That really hurt!
You die...

##########.......................
# *#.#########........##### ...#
#.....≈..# # , ...# #.....≈..# #
, ..?# #....≈...# # , , ..
*#..####........#####
....#...#(.......))..... *, , ,
⌠)⌠..b..#.###.....)...## , ,
#@..# #.........'. , ,,
⌠:⌠...Cb#W# #.........## ,
....#4..#.# #.........# , ..
*#..##.# #.........# * ,,,)..#
..# #.........# * ...# .##
########### ...# #* ** .## , ** ,
*


You could see a fire giant, a phantom, 2 fire bats and a friendly orange demon
(summoned).

Vanquished Creatures
  An ugly thing (D:10)
  Maurice (D:8)
  Joseph (D:8)
  Prince Ribbit (D:8)
  A hornet (D:7)
  4 yaks (D:9)
  A wraith (D:10)
  2 fire bats (D:10)
  A wyvern (D:8)
  2 steam dragons (D:9)
  Edmund (D:5)
  A water moccasin (D:9)
  4 orc warriors
  3 ice beasts
  A sky beast (D:9)
  A phantom (D:8)
  2 black bears
  2 centaurs (D:10)
  2 ogres
  3 big kobolds
  6 bullfrogs
  Blork the orc (D:6)
  6 scorpions
  2 water moccasin skeletons
  10 wights
  10 killer bees
  A bullfrog zombie (D:6)
  3 quasits
  A centaur zombie (D:6)
  3 hounds
  2 jellies
  7 orc priests
  A bullfrog skeleton (D:10)
  9 orc wizards
  Ijyb (D:5)
  A centaur skeleton (D:8)
  3 iguanas
  11 worker ants
  A worker ant zombie (D:6)
  4 gnolls (D:7)
  7 adders
  6 shadow imps
  A white imp (D:7)
  3 ufetubi
  2 oozes
  An adder zombie (D:9)
  A worm (D:6)
  A leopard gecko (D:6)
  29 orcs
  A ball python (D:6)
  7 giant cockroaches
  A goblin (D:2)
  9 jackals
  13 kobolds
  5 quokkas
  A bat (D:2)
  2 frilled lizards (D:2)
  A jackal skeleton (D:5)
  A leopard gecko skeleton (D:6)
  A leopard gecko zombie (D:6)
  2 quokka zombies (D:7)
  A rat (D:2)
214 creatures vanquished.

Vanquished Creatures (others)
  5 fungi (D:9)
  A plant (D:9)
  9 withered plants (D:6)
15 creatures vanquished.

Grand Total: 229 creatures vanquished

Notes
Turn   | Place    | Note
-------+----------+-------------------------------------------
     0 | D:1      | EnegeticOcto the Deep Dwarf Fighter began the quest for the
                  | Orb.
     0 | D:1      | Reached XP level 1. HP: 20/20 MP: 1/1
   109 | D:2      | Reached XP level 2. HP: 24/27 MP: 2/2
   216 | D:4      | Reached XP level 3. HP: 23/34 MP: 3/3
   256 | D:4      | Reached XP level 4. HP: 42/42 MP: 4/4
   635 | D:5      | Entered Level 5 of the Dungeon
   775 | D:5      | Noticed an ogre
   783 | D:5      | Killed an ogre
   783 | D:5      | Reached XP level 5. HP: 36/49 MP: 5/5
   955 | D:5      | Noticed Edmund
   969 | D:5      | Reached XP level 6. HP: 34/56 MP: 5/5
   982 | D:5      | Killed Edmund
   982 | D:5      | Reached skill level 5 in Axes
  1072 | D:5      | Noticed Ijyb
  1085 | D:5      | Killed Ijyb
  1289 | D:5      | Reached XP level 7. HP: 47/64 MP: 6/6
  1558 | D:6      | Reached skill level 5 in Shields
  1558 | D:6      | Reached skill level 5 in Armour
  1572 | D:6      | You fall into a shaft and drop 1 floor!
  1655 | D:6      | Found a staircase to the Ecumenical Temple.
  1663 | Temple   | Entered the Ecumenical Temple
  1675 | Temple   | Became a worshipper of Makhleb the Destroyer
  1829 | D:6      | Reached skill level 1 in Invocations
  1912 | D:6      | Reached XP level 8. HP: 38/73 MP: 8/8
  2016 | D:6      | Found a sparkling altar of Nemelex Xobeh.
  2123 | D:6      | Noticed Blork the orc
  2134 | D:6      | Killed Blork the orc
  2215 | D:6      | Reached * piety under Makhleb
  2564 | D:7      | Found a large runed translucent door.
  2564 | D:7      | Found a large runed translucent door.
  2565 | D:7      | Noticed akrivosticles's ghost (novice KoBr)
  2611 | D:7      | Reached skill level 5 in Fighting
  2619 | D:7      | Reached skill level 5 in Invocations
  2740 | D:7      | Reached ** piety under Makhleb
  2740 | D:7      | Gained mutation: You passively map the area around you.
                  | [Deep Dwarf growth]
  2740 | D:7      | Reached XP level 9. HP: 48/81 MP: 12/12
  3522 | D:8      | Noticed Prince Ribbit
  3531 | D:8      | Killed Prince Ribbit
  3573 | D:8      | Noticed Joseph
  3593 | D:8      | Killed Joseph
  3704 | D:9      | Found a staircase to the Orcish Mines.
  3753 | D:8      | Noticed Maurice
  3775 | D:8      | Killed Maurice
  3819 | D:8      | Reached XP level 10. HP: 91/91 MP: 15/15
  3826 | D:8      | Reached *** piety under Makhleb
  4340 | D:9      | Found a stormy altar of Qazlal.
  4416 | D:9      | Reached skill level 10 in Axes
  4526 | D:9      | Found a staircase to the Lair.
  4704 | D:10     | Entered Level 10 of the Dungeon
  5000 | D:10     | Noticed a brown ugly thing
  5018 | D:10     | Killed a brown ugly thing
  5054 | D:10     | Reached **** piety under Makhleb
  5061 | D:10     | Reached skill level 10 in Invocations
  5293 | D:10     | Noticed a fire giant
  5307 | D:10     | Reached XP level 11. HP: 52/99 MP: 16/16
  5307 | D:10     | Killed from afar by a fire giant

Illustrated notes

Levels and vault maps discovered:
D:1:      zaba_arrival_water, layout_basic, minmay_pentomino_w2
D:2:      layout_rooms, minmay_misc_feat_square
D:3:      layout_basic, uniq_sigmund
D:4:      layout_cave_pools
D:5:      layout_cave_pods, uniq_ijyb, uniq_edmund
D:6:      layout_loops_ring, minmay_temple_entry_statues_pillars, serial_undead,
          serial_undead_b, serial_undead_e, serial_undead_d, serial_undead_d,
          nemelex_dance_club_becter, uniq_blork_the_orc
D:7:      minmay_s_stair_smasher, layout_loops_ring, ebering_ghost_disaster_area
D:8:      layout_basic, uniq_maurice, uniq_prince_ribbit1, uniq_joseph
D:9:      layout_loops_cross, nicolae_qazlal_style_of_elements,
          grunt_lair_entry_orc_guard_hut, orc_0_dummy
D:10:     minmay_firetagon, layout_basic
Temple:   nicolae_temple_the_god_donut

Skill      XL: |  1  2  3  4  5  6  7  8  9 10 |
---------------+-------------------------------+-----
Fighting       | 3 4 5 6 |  6.7
Axes           | 3 4 5 6 7 9 10 | 10.6
Shields        | 4 5 6 7 8 |  8.2
Armour         | 4 5 6 7 8 |  8.1
Invocations    | 2 5 8 10 | 10.1

Action                   |  1- 3 |  4- 6 |  7- 9 | 10-12 || total
-------------------------+-------+-------+-------+-------++-------
Melee: War axe           |    71 |   101 |   459 |   259 ||   890
Invok: Lesser Servant of |       |       |       |     1 ||     1
 Abil: Heal Wounds       |     1 |     6 |    13 |     3 ||    23
  Use: Scroll            |       |       |    17 |     4 ||    21
Armor: Scale mail        |    32 |    29 |       |       ||    61
       Chain mail        |       |     7 |    25 |       ||    32
       Plate armour      |       |       |   243 |   181 ||   424
Dodge: Dodged            |    24 |    46 |    81 |    61 ||   212
Block: Kite shield       |    46 |    56 |   282 |   194 ||   578

Table legend: (Time is in decaauts)
 A = Elapsed time spent in this place.
 B = Non-inter-level travel time spent in this place.
 C = Inter-level travel time spent in this place.
 D = Time resting spent in this place.
 E = Time spent auto-exploring this place.
 F = Levels seen in this place.
 G = Mean time per level.
                   A        B        C        D        E       F      G
               +--------+--------+--------+--------+--------+-----+--------+
         Total |   5488 |   5255 |    233 |      0 |   3596 |  11 |  498.9 |
       Dungeon |   5469 |   5241 |    228 |      0 |   3593 |  10 |  546.9 |
        Temple |     18 |     13 |      5 |      0 |      3 |   1 |   18.0 |
               +--------+--------+--------+--------+--------+-----+--------+

Top non-repeatable levels by time:
     D:7: 1129 daAuts
     D:5: 906 daAuts
     D:6: 871 daAuts
     D:9: 651 daAuts
     D:8: 619 daAuts
    D:10: 609 daAuts
     D:4: 440 daAuts
     D:2: 171 daAuts
     D:3: 39 daAuts
     D:1: 31 daAuts
  Temple: 18 daAuts
